 Dungeon Crawl Stone Soup version 0.30-a0-54-g2e61a25929 (webtiles) character file.

Game seed: 9755900899667552191

1357 IdlyInterested the Fighter (level 8, 0/68 HPs)
             Began as a Demonspawn Wanderer on Sept 2, 2022.
             Slain by a troll (2 damage)
             ... on level 6 of the Dungeon on Sept 7, 2022.
             The game lasted 00:16:09 (5903 turns).

IdlyInterested the Fighter (Demonspawn Wanderer)    Turns: 5903, Time: 00:16:10

Health: 0/68       AC: 29    Str: 15 (18) XL:     8   Next: 37%
Magic:  8/8        EV:  4    Int: 13 (14) God:
Gold:   421        SH:  0    Dex:  9 (11) Spells: 7/7 levels left

rFire   . . .      SeeInvis +    k - +3 whip
rCold   + . .      Faith    .    (no shield)
rNeg    . . .      Spirit   .    u - +9 plate armour of Qemuobum {+Blink Int+2}
rPois   .          Reflect  .    (helmet restricted)
rElec   .          Harm     .    (no cloak)
rCorr   .          Rampage  .    r - +0 pair of gloves
Will    .....                    j - +3 pair of mountain boots {steadfast, rC+}
Stlth   ..........               (no amulet)
HPRegen 0.21/turn                d - ring of see invisible
MPRegen 0.11/turn                l - ring of flight

@: flying
A: antennae 1, thin metallic scales 2, icemail 1, condensation shield
a: Evoke Blink


You were on level 6 of the Dungeon.
You visited 2 branches of the dungeon, and saw 7 of its levels.

You collected 421 gold pieces.

Inventory:

Hand Weapons
 a - a +2 short sword
 h - a +0 spear
 k - a +3 whip (weapon)
 s - a +0 war axe
 v - a +0 flail
 w - a +0 halberd
Missiles
 c - 14 boomerangs (quivered)
 o - 3 poisoned darts
Armour
 f - a +0 leather armour
 j - the +3 pair of mountain boots (worn) {steadfast, rC+}
   (You acquired it on level 3 of the Dungeon)

   It prevents involuntary movement, except for blinking, teleportation, or
   banishment.
   rC:        It protects you from cold.
 r - a +0 pair of gloves (worn)
 u - the +9 plate armour of Qemuobum (worn) {+Blink Int+2}
   (You found it on level 3 of the Dungeon)

   Int:       It affects your intelligence (+2).
   +Blink:    It lets you blink.
 z - the +1 ring mail "Witaac Waec" {*Corrode Will++ SInv}
   (You took it off a gnoll bouda on level 5 of the Dungeon)

   SInv:      It lets you see invisible.
   *Corrode:  It may corrode you when you take damage.
   Will:      It greatly increases your willpower.
Magical Staves
 i - a staff of conjuration
 p - a staff of fire
Jewellery
 d - a ring of see invisible (left hand)
 l - a ring of flight (right hand)
 n - a ring of fire
Scrolls
 q - 2 scrolls of magic mapping
 x - a scroll of identify
Potions
 b - a potion of lignification
 e - 2 potions of attraction
 m - a potion of cancellation
 t - 2 potions of haste


   Skills:
 * Level 8.2 Fighting
 - Level 2.6 Short Blades
 - Level 4.0 Throwing
 - Level 4.0 Armour
 - Level 1.0 Dodging
 - Level 1.0 Stealth
 + Level 3.4 Evocations


You had 7 spell levels left.
You didn't know any spells.
Your spell library contained the following spells:

 Spells                   Type           Power      Damage    Failure   Level
 Call Canine Familiar     Summ           0%         N/A       100%        3
 Portal Projectile        Hex/Tloc       0%         N/A       100%        3
 Tukima's Dance           Hex            0%         N/A       100%        3
 Leda's Liquefaction      Hex/Erth       0%         N/A       100%        4
 Blade Hands              Tmut           0%         N/A       100%        5


Dungeon Overview and Level Annotations

Branches:
Dungeon (6/15)             Temple (1/1) D:5

Altars:
Ashenzari
Cheibriados
Gozag
Kikubaaqudgha
Makhleb
Nemelex Xobeh
Qazlal
Ru
Trog
Uskayaw
Wu Jian
Xom


Innate Abilities, Weirdness & Mutations

You have a pair of small antennae on your head.
You are mostly covered in thin metallic scales. (AC +3)
A meltable icy envelope protects you from harm. (AC +0)
A meltable shield of frost defends you. (SH +0)


Message History

The troll claws you but does no damage.
You hit the troll.
The troll is heavily wounded.
The troll closely misses you. The troll completely misses you.
The troll claws you.
* * * LOW HITPOINT WARNING * * *
The troll barely misses you.
The troll claws you but does no damage. x2
You feel better. The troll bites you but does no damage.
The troll barely misses you. x2
You closely miss the troll.
The troll is moderately wounded.
The troll bites you but does no damage. The troll claws you.
* * * LOW HITPOINT WARNING * * *
The troll claws you but does no damage.
You hit the troll.
The troll is heavily wounded.
The troll bites you.
* * * LOW HITPOINT WARNING * * *
The troll claws you but does no damage. x2
You hit the troll.
The troll is heavily wounded.
The troll bites you but does no damage.
The troll claws you but does no damage. x2
You hit the troll.
The troll is heavily wounded.
The troll bites you!
* * * LOW HITPOINT WARNING * * *
The troll claws you but does no damage. The troll barely misses you.
You closely miss the troll.
The troll is heavily wounded.
The troll bites you but does no damage.
The troll claws you but does no damage. x2
You hit the troll.
The troll is severely wounded.
The troll bites you but does no damage.
The troll claws you but does no damage. x2
You hit the troll but do no damage.
The troll is heavily wounded.
The troll bites you but does no damage.
The troll claws you but does no damage. x2
You hit the troll.
The troll is severely wounded.
The troll bites you but does no damage. The troll claws you.
You die...

....# .....+#
..... ..P...#.
#..... .P~~P...
......##..PP....
......#.#......#
.............#
#...........
##)@........
#.T.<.......
#............
#............
#.(.....###....
##....... .##
#..#.... ..
###.....# .
###.###


You could see a troll.

Vanquished Creatures
  Eustachio (D:5)
  The ghost of Buttons840 the Chopper, an amateur HOFi (D:4)
  Blork the orc (D:6)
  A bullfrog (D:5)
  3 scorpions (D:4)
  6 hounds
  2 orc priests (D:5)
  A gnoll bouda (D:5)
  A jelly (D:5)
  2 orc wizards (D:5)
  6 iguanas
  5 gnolls (D:5)
  7 adders
  A shadow imp (D:4)
  A white imp (D:5)
  2 ufetubi
  4 worms
  3 dart slugs
  16 orcs
  8 bats
  6 endoplasms
  5 giant cockroaches
  6 goblins
  8 hobgoblins
  6 jackals
  2 quokkas
  7 ball pythons
  3 frilled lizards
  7 kobolds
  8 rats
130 creatures vanquished.

Notes
Turn   | Place    | Note
-------+----------+-------------------------------------------
     0 | D:1      | IdlyInterested the Demonspawn Wanderer began the quest for
                  | the Orb.
     0 | D:1      | IdlyInterested set off with the following items: a +2 short
                  | sword, a potion of lignification, 8 boomerangs, a +0
                  | dagger, a potion of attraction, a +0 leather armour.
     0 | D:1      | Reached XP level 1. HP: 15/15 MP: 1/1
   412 | D:1      | Gained mutation: You are partially covered in thin metallic
                  | scales. (AC +2) [demonic ancestry]
   412 | D:1      | Reached XP level 2. HP: 17/21 MP: 2/2
   707 | D:1      | Reached skill level 2 in Fighting
   815 | D:1      | Upgraded the game from 0.30-a0-49-g1cef19eb02 to
                  | 0.30-a0-54-g2e61a25929
  1049 | D:2      | Gained mutation: You are mostly covered in thin metallic
                  | scales. (AC +3) [demonic ancestry]
  1049 | D:2      | Reached XP level 3. HP: 27/27 MP: 3/3
  1758 | D:2      | Found a faded altar of an unknown god.
  2511 | D:3      | Reached skill level 3 in Fighting
  2511 | D:3      | Gained mutation: A meltable shield of frost defends you.
                  | (SH +0) [demonic ancestry]
  2511 | D:3      | Reached XP level 4. HP: 27/35 MP: 4/4
  2638 | D:3      | Identified the +9 plate armour of Qemuobum {+Blink Int+2}
  2772 | D:3      | Identified a scroll of acquirement
  2772 | D:3      | Acquired the +3 pair of mountain boots {steadfast, rC+}
  2772 | D:3      | Found the +3 pair of mountain boots {steadfast, rC+}
  2891 | D:3      | Reached XP level 5. HP: 42/42 MP: 5/5
  2901 | D:3      | Found an ornate altar of the Wu Jian Council.
  2905 | D:3      | Reached skill level 4 in Fighting
  3326 | D:4      | Gained mutation: You have a pair of small antennae on your
                  | head. [demonic ancestry]
  3326 | D:4      | Reached XP level 6. HP: 48/50 MP: 6/6
  3413 | D:4      | Found a stormy altar of Qazlal.
  3466 | D:4      | Reached skill level 5 in Fighting
  3659 | D:4      | Found a runed translucent gate.
  3692 | D:4      | Noticed a moth of wrath
  3694 | D:4      | Found a bloodstained altar of Trog.
  3863 | D:4      | Noticed Buttons840's ghost (amateur HOFi)
  3883 | D:4      | Found a runed translucent gate.
  3883 | D:4      | Found a runed translucent gate.
  4094 | D:4      | Killed Buttons840's ghost
  4095 | D:4      | Reached skill level 6 in Fighting
  4095 | D:4      | Reached XP level 7. HP: 20/58 MP: 7/7
  4369 | D:5      | Entered Level 5 of the Dungeon
  4592 | D:5      | Noticed Eustachio
  4636 | D:5      | Killed Eustachio
  4637 | D:5      | Reached skill level 1 in Dodging
  4730 | D:5      | Identified the +1 ring mail "Witaac Waec" {*Corrode Will++
                  | SInv}
  4758 | D:5      | Reached skill level 7 in Fighting
  4758 | D:5      | Reached skill level 1 in Stealth
  5081 | D:5      | Gained mutation: A meltable icy envelope protects you from
                  | harm. (AC +0) [demonic ancestry]
  5081 | D:5      | Reached XP level 8. HP: 61/67 MP: 8/8
  5182 | D:5      | Found a staircase to the Ecumenical Temple.
  5204 | Temple   | Entered the Ecumenical Temple
  5448 | D:5      | Reached skill level 8 in Fighting
  5868 | D:6      | Noticed Blork the orc
  5868 | D:6      | Noticed a troll
  5885 | D:6      | Killed Blork the orc
  5899 | D:6      | HP: 1/68 [troll (10)]
  5903 | D:6      | Slain by a troll

Illustrated notes

Levels and vault maps discovered:
D:1:      dpeg_arrival_line_fractal, layout_loops_cross, st_stairs_2
D:2:      layout_loops_ring, hellmonk_ecumenical_altar_zigzags
D:3:      layout_rooms, overflow_temple_1_default,
          chequers_serial_rivers_micro_b
D:4:      layout_basic, tgw_trog, amcnicky_altar_gilded,
          mainiacjoe_overflow_concentric_impassable, gammafunk_ghost_split
D:5:      minmay_angry_zag, layout_loops_ring, minmay_temple_entry_wispy,
          nicolae_underground_beach, uniq_eustachio
D:6:      minmay_chambers_of_fours, layout_cave_pools, tso_oasis_becter,
          mainiacjoe_overflow_brackets, serial_shops,
          nicolae_shop_bloodbath_and_beyond, minmay_misc_feat_four_crosses,
          uniq_blork_the_orc
Temple:   nicolae_temple_bog_church

Skill      XL: |  1  2  3  4  5  6  7  8 |
---------------+-------------------------+-----
Fighting       | 2 3 4 6 7 8 |  8.2
Throwing       | 4 |  4.0
Armour         | 2 3 4 |  4.0
Dodging        | 1 |  1.0
Stealth        | 1 |  1.0
Evocations     | 2 3 |  3.4
Short Blades   | |  2.6

Action                   |  1- 3 |  4- 6 |  7- 9 || total
-------------------------+-------+-------+-------++-------
Melee: Short sword       |    54 |       |       ||    54
       Whip              |   113 |   186 |   269 ||   568
       Punch             |     1 |     2 |     4 ||     7
Throw: Boomerang         |       |     4 |     2 ||     6
       Dart              |       |       |     1 ||     1
       Throwing net      |       |       |     1 ||     1
  Use: Scroll            |     1 |     4 |       ||     5
       Potion            |     1 |     1 |     4 ||     6
Armor: Leather armour    |    77 |    25 |       ||   102
       Plate armour      |       |    96 |   368 ||   464
Dodge: Dodged            |   123 |    63 |    89 ||   275
Block: Other             |       |    31 |    50 ||    81

Table legend: (Time is in decaauts)
 A = Elapsed time spent in this place.
 B = Non-inter-level travel time spent in this place.
 C = Inter-level travel time spent in this place.
 D = Time resting spent in this place.
 E = Time spent auto-exploring this place.
 F = Levels seen in this place.
 G = Mean time per level.
                   A        B        C        D        E       F      G
               +--------+--------+--------+--------+--------+-----+--------+
         Total |   5941 |   5328 |    613 |    891 |   3004 |   7 |  848.7 |
       Dungeon |   5814 |   5201 |    613 |    891 |   2891 |   6 |  969.0 |
        Temple |    126 |    126 |      0 |      0 |    113 |   1 |  126.0 |
               +--------+--------+--------+--------+--------+-----+--------+

Top non-repeatable levels by time:
     D:4: 1460 daAuts
     D:2: 1268 daAuts
     D:5: 1208 daAuts
     D:1: 1162 daAuts
     D:3: 678 daAuts
  Temple: 126 daAuts
     D:6: 37 daAuts
